MWL (24 & UNDER)
COLUMBIA 08S @ MINNESOTA DEATH STARS
08/20/2023
 
TOP OF THE 1ST
Columbia 08s batting - Pitching for Minnesota Death Stars : RHP Gavin Robbins
Pitching: RHP Gavin Robbins
Batting: SHB Roberto Rivera 0-0: DOUBLE (Line Drive, 78M)
Batting: RHB Vic Langlois 0-0: Foul Ball, location: 2F
0-1: Ground out 6-3 (Groundball, 6)
Batting: RHB Ichizo Akiyama 0-0: Ball
1-0: Called Strike
1-1: Ground out 5-3 (Groundball, 5)
Batting: RHB Felipe Rego 0-0: Fly out, F7 (Flyball, 7M)
Top of the 1st over - 0 run(s), 1 hit(s), 0 error(s), 1 left on base; Columbia 0 - Minnesota 0
BOTTOM OF THE 1ST
Minnesota Death Stars batting - Pitching for Columbia 08s : RHP Tim Hill
Pitching: RHP Tim Hill
Batting: RHB Soetsu Kaneko 0-0: Ball
1-0: Ball
2-0: Ball
3-0: Ground out U3 (Groundball, 3)
Batting: RHB Peter Dixon 0-0: Ball
1-0: Ground out 1-3 (Groundball, 13S)
Batting: LHB Chris Loudermilk 0-0: Ball
1-0: Ball
2-0: Ball
3-0: Base on Balls
Batting: RHB Herb Ashley 0-0: Called Strike
0-1: Ball
1-1: Ball
2-1: Foul Ball, location: 2F
2-2: Strikes out looking
Bottom of the 1st over - 0 run(s), 0 hit(s), 0 error(s), 1 left on base; Columbia 0 - Minnesota 0
TOP OF THE 2ND
Columbia 08s batting - Pitching for Minnesota Death Stars : RHP Gavin Robbins
Batting: RHB Ryosei Yamamoto 0-0: Ball
1-0: Ball
2-0: Ball
3-0: Base on Balls
Batting: LHB José Costa 0-0: Called Strike
0-1: Ball
1-1: Reached on Error, E8 (Flyball, 8LD)
Ryosei Yamamoto to second
Batting: LHB Gino Canio 0-0: Called Strike
0-1: Swinging Strike
0-2: Fly out, F7 (Flyball, 7S)
Batting: RHB Roberto Martínez 0-0: Called Strike
Ryosei Yamamoto steals 3rd base
José Costa to second
0-1: DOUBLE (Line Drive, 7LD)
Ryosei Yamamoto scores
José Costa scores
Batting: RHB Alfredo Hernández 0-0: Called Strike
0-1: Swinging Strike
0-2: Ball
1-2: Ball
2-2: Ball
3-2: Strikes out swinging
Batting: SHB Roberto Rivera 0-0: SINGLE (Groundball, 56D)
Roberto Martínez to third
Runner from 3rd tries for Home, SAFE, no throw or cutoff
Batting: RHB Vic Langlois 0-0: Ball
1-0: Called Strike
1-1: Ball
2-1: Ball
3-1: Base on Balls
Roberto Rivera to second
Batting: RHB Ichizo Akiyama 0-0: Called Strike
0-1: Ball
1-1: Swinging Strike
1-2: Strikes out looking
Top of the 2nd over - 3 run(s), 2 hit(s), 1 error(s), 2 left on base; Columbia 3 - Minnesota 0
BOTTOM OF THE 2ND
Minnesota Death Stars batting - Pitching for Columbia 08s : RHP Tim Hill
Batting: RHB Jorge Martínez 0-0: Reached on error, E3 (Groundball, 34)
Batting: RHB Chet Decker 0-0: Called Strike
0-1: Ball
1-1: Ball
2-1: Ground out 6-3 (Groundball, 6)
Jorge Martínez to third
Batting: RHB Pedro Rosado 0-0: Ball
1-0: Foul Ball, location: 2F
1-1: Ground out 2-3 (Groundball, 2L)
Batting: SHB Boys van der Lack 0-0: Ground out 4-3 (Groundball, 34)
Bottom of the 2nd over - 0 run(s), 0 hit(s), 1 error(s), 1 left on base; Columbia 3 - Minnesota 0
TOP OF THE 3RD
Columbia 08s batting - Pitching for Minnesota Death Stars : RHP Gavin Robbins
Batting: RHB Felipe Rego 0-0: Ball
1-0: Ball
2-0: Called Strike
2-1: Foul Ball, location: 2F
2-2: Fly out, F8 (Flyball, 8LD)
Batting: RHB Ryosei Yamamoto 0-0: Ball
1-0: Ball
2-0: Ball
3-0: Base on Balls
Batting: LHB José Costa 0-0: Ball
1-0: SINGLE (Groundball, 3L)
Ryosei Yamamoto to second
Runner from 2nd tries for 3rd, OUT!
José Costa to second
Batting: LHB Gino Canio 0-0: Ball
1-0: Ball
2-0: Foul Ball, location: 2F
2-1: Ball
3-1: Foul Ball, location: 2F
3-2: Base on Balls
Batting: RHB Roberto Martínez 0-0: Foul Ball, location: 2F
0-1: Foul Ball, location: 2F
0-2: Ball
1-2: Strikes out looking
Top of the 3rd over - 0 run(s), 1 hit(s), 0 error(s), 2 left on base; Columbia 3 - Minnesota 0
BOTTOM OF THE 3RD
Minnesota Death Stars batting - Pitching for Columbia 08s : RHP Lewis Sweeney
Pitching: RHP Lewis Sweeney
Batting: LHB Alberto Medine 0-0: Called Strike
0-1: Fly out, F5 (Popup, 5F)
Batting: RHB Soetsu Kaneko 0-0: Called Strike
0-1: Ball
1-1: Foul Ball, location: 2F
1-2: Ball
2-2: Fly out, F8 (Flyball, 8LD)
Batting: RHB Peter Dixon 0-0: Called Strike
0-1: Ball
1-1: Foul Ball, location: 2F
1-2: Foul Ball, location: 2F
1-2: Ball
2-2: Strikes out swinging
Bottom of the 3rd over - 0 run(s), 0 hit(s), 0 error(s), 0 left on base; Columbia 3 - Minnesota 0
TOP OF THE 4TH
Columbia 08s batting - Pitching for Minnesota Death Stars : RHP Gavin Robbins
Batting: RHB Alfredo Hernández 0-0: SINGLE (Line Drive, 3)
Batting: SHB Roberto Rivera 0-0: Ball
1-0: Ball
2-0: Called Strike
2-1: Foul Ball, location: 2F
2-2: Fly out, F2 (Popup, 2LF)
Batting: RHB Vic Langlois 0-0: Called Strike
0-1: Ball
1-1: Swinging Strike
1-2: SINGLE (Line Drive, 7S)
Alfredo Hernández to second
Batting: RHB Ichizo Akiyama 0-0: Ball
1-0: Ball
2-0: Called Strike
2-1: Called Strike
2-2: Ball
3-2: Base on Balls
Alfredo Hernández to third
Vic Langlois to second
Batting: RHB Felipe Rego 0-0: Called Strike
0-1: Foul Ball, location: 2F
0-2: Strikes out looking
Batting: RHB Ryosei Yamamoto 0-0: Ball
1-0: Ball
2-0: Called Strike
2-1: Ball
3-1: Base on Balls
Alfredo Hernández scores
Vic Langlois to third
Ichizo Akiyama to second
Batting: LHB José Costa 0-0: Called Strike
0-1: Ball
1-1: Ball
2-1: Ground out 1-3 (Groundball, 13)
Top of the 4th over - 1 run(s), 2 hit(s), 0 error(s), 3 left on base; Columbia 4 - Minnesota 0
BOTTOM OF THE 4TH
Minnesota Death Stars batting - Pitching for Columbia 08s : RHP Lewis Sweeney
Batting: LHB Chris Loudermilk 0-0: Ball
1-0: Ball
2-0: Ball
3-0: Called Strike
3-1: Ground out 5-3 (Groundball, 56S)
Batting: RHB Herb Ashley 0-0: Ground out 6-3 (Groundball, 6)
Batting: RHB Jorge Martínez 0-0: Fly out, F6 (Popup, 6M)
Bottom of the 4th over - 0 run(s), 0 hit(s), 0 error(s), 0 left on base; Columbia 4 - Minnesota 0
TOP OF THE 5TH
Columbia 08s batting - Pitching for Minnesota Death Stars : RHP Gavin Robbins
Batting: LHB Gino Canio 0-0: Ball
1-0: Foul Ball, location: 2F
1-1: Ball
2-1: DOUBLE (Line Drive, 9D)
Pitching: RHP Pat Monroe
Batting: RHB Roberto Martínez 0-0: Ball
1-0: Ball
2-0: Ball
3-0: Base on Balls
Batting: RHB Alfredo Hernández 0-0: Ball
1-0: Ball
2-0: Ball
3-0: Called Strike
3-1: Base on Balls
Gino Canio to third
Roberto Martínez to second
Batting: SHB Roberto Rivera 0-0: Ball
1-0: Called Strike
1-1: Ball
2-1: Ball
3-1: Called Strike
3-2: Base on Balls
Gino Canio scores
Roberto Martínez to third
Alfredo Hernández to second
Batting: RHB Vic Langlois 0-0: Ball
1-0: Foul Ball, location: 2F
1-1: Foul Ball, location: 2F
1-2: Strikes out swinging
Batting: RHB Ichizo Akiyama 0-0: Ball
1-0: Called Strike
1-1: Ball
2-1: Ball
3-1: DOUBLE (Line Drive, 8LM)
Roberto Martínez scores
Alfredo Hernández scores
Roberto Rivera to third
Batting: RHB Felipe Rego 0-0: Ball
1-0: Foul Ball, location: 2F
1-1: DOUBLE (Line Drive, 5L)
Roberto Rivera scores
Ichizo Akiyama scores
Batting: RHB Ryosei Yamamoto 0-0: Ball
1-0: Ball
2-0: Ball
3-0: Base on Balls
Batting: LHB José Costa 0-0: Foul Ball, location: 2F
0-1: Fly out, F7 (Flyball, 7M)
Batting: LHB Gino Canio 0-0: Swinging Strike
0-1: Ground out 2-3 (Groundball, 15S)
Top of the 5th over - 5 run(s), 3 hit(s), 0 error(s), 2 left on base; Columbia 9 - Minnesota 0
BOTTOM OF THE 5TH
Minnesota Death Stars batting - Pitching for Columbia 08s : RHP Lewis Sweeney
Batting: RHB Chet Decker 0-0: Ball
1-0: Ball
2-0: Foul Ball, location: 2F
2-1: Ball
3-1: Foul Ball, location: 2F
3-2: Foul Ball, location: 2F
3-2: SINGLE (Flyball, 8LS)
Batting: RHB Pedro Rosado 0-0: Ball
1-0: Foul Ball, location: 2F
1-1: DOUBLE (Line Drive, 78M)
Chet Decker to third
Batting: SHB Boys van der Lack 0-0: Called Strike
0-1: Called Strike
0-2: Fly out, F8 (Flyball, 8RM)
Batting: LHB Alberto Medine 0-0: Swinging Strike
0-1: Ball
1-1: Ball
2-1: Fly out, F8 (Popup, 89S)
Batting: RHB Soetsu Kaneko 0-0: Called Strike
0-1: Ball
1-1: Fly out, F9 (Flyball, 89XD)
Bottom of the 5th over - 0 run(s), 2 hit(s), 0 error(s), 2 left on base; Columbia 9 - Minnesota 0
TOP OF THE 6TH
Columbia 08s batting - Pitching for Minnesota Death Stars : RHP Pat Monroe
Pitching: LHP Mike Murray
Batting: RHB Roberto Martínez 0-0: Ball
1-0: Swinging Strike
1-1: SINGLE (Groundball, 56D)
Batting: RHB Alfredo Hernández 0-0: Ball
Roberto Martínez steals 2nd base
1-0: Foul Ball, location: 2F
1-1: Ground out 6-3 (Groundball, 56)
Batting: SHB Roberto Rivera 0-0: Called Strike
Roberto Martínez steals 3rd base
0-1: SINGLE (Groundball, 4MD)
Roberto Martínez scores
Batting: RHB Vic Langlois Pickoff Throw to First - Error! E1
Roberto Rivera to second
0-0: Called Strike
0-1: Foul Ball, location: 2F
0-2: Ball
1-2: Foul Ball, location: 2F
1-2: DOUBLE (Line Drive, 9LM)
Roberto Rivera scores
Batting: RHB Ichizo Akiyama 0-0: Ground out 6-3 (Groundball, 6)
Batting: RHB Felipe Rego 0-0: Ball
1-0: Foul Ball, location: 2F
1-1: Called Strike
1-2: Fly out, F8 (Line Drive, 8LM)
Top of the 6th over - 2 run(s), 3 hit(s), 1 error(s), 1 left on base; Columbia 11 - Minnesota 0
BOTTOM OF THE 6TH
Minnesota Death Stars batting - Pitching for Columbia 08s : RHP Lewis Sweeney
Batting: RHB Peter Dixon 0-0: Foul Ball, location: 2F
0-1: Called Strike
0-2: Strikes out swinging
Batting: LHB Chris Loudermilk 0-0: Ball
1-0: Ground out 4-3 (Groundball, 4)
Batting: RHB Herb Ashley 0-0: Ball
1-0: Fly out, F7 (Line Drive, 7M)
Bottom of the 6th over - 0 run(s), 0 hit(s), 0 error(s), 0 left on base; Columbia 11 - Minnesota 0
TOP OF THE 7TH
Columbia 08s batting - Pitching for Minnesota Death Stars : LHP Mike Murray
Batting: RHB Ryosei Yamamoto 0-0: Called Strike
0-1: Called Strike
0-2: Strikes out swinging
Batting: LHB José Costa 0-0: Called Strike
0-1: Called Strike
0-2: Ball
1-2: Foul Ball, location: 2F
1-2: Ball
2-2: Fly out, F9 (Flyball, 89XD)
Batting: LHB Gino Canio 0-0: Foul Ball, location: 2F
0-1: Ball
1-1: Ground out 2-3 (Groundball, 2L)
Top of the 7th over - 0 run(s), 0 hit(s), 0 error(s), 0 left on base; Columbia 11 - Minnesota 0
BOTTOM OF THE 7TH
Minnesota Death Stars batting - Pitching for Columbia 08s : RHP Lewis Sweeney
Pitching: RHP Jorge Amador
Batting: RHB Jorge Martínez 0-0: Ball
1-0: Foul Ball, location: 2F
1-1: Foul Ball, location: 2F
1-2: Strikes out swinging
Batting: RHB Chet Decker 0-0: Foul Ball, location: 2F
0-1: Foul Ball, location: 2F
0-2: Ball
1-2: Strikes out swinging
Batting: RHB Pedro Rosado 0-0: Fly out, F9 (Flyball, 9S)
Bottom of the 7th over - 0 run(s), 0 hit(s), 0 error(s), 0 left on base; Columbia 11 - Minnesota 0
TOP OF THE 8TH
Columbia 08s batting - Pitching for Minnesota Death Stars : LHP Mike Murray
Pitching: RHP Octávio López
Batting: RHB Roberto Martínez 0-0: Called Strike
0-1: Ball
1-1: Ball
2-1: Ball
3-1: Ground out 5-3 (Groundball, 5L)
Batting: RHB Alfredo Hernández 0-0: Called Strike
0-1: Ball
1-1: Ball
2-1: Fly out, F9 (Line Drive, 9LS)
Now in RF: Lucas Coleman
Batting: SHB Roberto Rivera 0-0: Called Strike
0-1: Ball
1-1: Fly out, F6 (Line Drive, 6D)
Top of the 8th over - 0 run(s), 0 hit(s), 0 error(s), 0 left on base; Columbia 11 - Minnesota 0
BOTTOM OF THE 8TH
Minnesota Death Stars batting - Pitching for Columbia 08s : RHP Jorge Amador
Batting: SHB Boys van der Lack 0-0: Ball
1-0: Swinging Strike
1-1: Fly out, F8 (Flyball, 8RS)
Batting: LHB Alberto Medine 0-0: Ball
1-0: Ball
2-0: SINGLE (Groundball, 25) (infield hit)
Batting: RHB Soetsu Kaneko 0-0: Ball
1-0: Called Strike
1-1: Foul Ball, location: 2F
1-2: Ball
2-2: Strikes out swinging
Batting: LHB Lucas Coleman 0-0: Ball
1-0: Ball
2-0: Ball
3-0: Base on Balls
Alberto Medine to second
Batting: LHB Chris Loudermilk 0-0: Called Strike
0-1: Called Strike
0-2: Ball
1-2: Strikes out swinging
Bottom of the 8th over - 0 run(s), 1 hit(s), 0 error(s), 2 left on base; Columbia 11 - Minnesota 0
TOP OF THE 9TH
Columbia 08s batting - Pitching for Minnesota Death Stars : RHP Octávio López
Batting: RHB Vic Langlois 0-0: Ground out 6-3 (Groundball, 56)
Batting: RHB Ichizo Akiyama 0-0: Ball
1-0: Swinging Strike
1-1: Swinging Strike
1-2: Strikes out swinging
Pinch Hitting: RHB Cristo García 0-0: Ball
1-0: SINGLE (Groundball, 2L) (infield hit)
Batting: RHB Ryosei Yamamoto 0-0: Ball
1-0: Foul Ball, location: 2F
1-1: Foul Ball, location: 2F
1-2: Fielders Choice at 2nd, 6-4 (Groundball, 6)
Top of the 9th over - 0 run(s), 1 hit(s), 0 error(s), 0 left on base; Columbia 11 - Minnesota 0
BOTTOM OF THE 9TH
Minnesota Death Stars batting - Pitching for Columbia 08s : RHP Jorge Amador
Now at 1B: Cristo García
Batting: RHB Herb Ashley 0-0: Called Strike
0-1: Called Strike
0-2: Ball
1-2: Strikes out looking
Batting: RHB Jorge Martínez 0-0: Called Strike
0-1: Ball
1-1: Swinging Strike
1-2: Ground out 5-3 (Groundball, 5S)
Batting: RHB Chet Decker 0-0: Ball
1-0: Ground out 5-3 (Groundball, 5S)
Bottom of the 9th over - 0 run(s), 0 hit(s), 0 error(s), 0 left on base; Columbia 11 - Minnesota 0
This league is powered by Out of the Park Baseball, the baseball management simulation game for PC, Mac and Linux
Wednesday, December 2nd, 2015 - OOTP Baseball 16.8 Build 38